 Dungeon Crawl Stone Soup version 0.23.0 (webtiles) character file.

Game seed: 17389386657202421967

8213 Frank the Covert (level 11, 0/74 HPs)
             Began as an Octopode Fighter on Feb 15, 2019.
             Slain by a yak (10 damage)
             ... on level 1 of the Lair of Beasts.
             The game lasted 00:16:12 (8537 turns).

Frank the Covert (Octopode Fighter)                 Turns: 8537, Time: 00:16:12

Health: 0/74       AC:  1    Str: 21    XL:     11   Next: 27%
Magic:  16/16      EV: 15    Int: 14    God:
Gold:   229        SH: 14    Dex: 15    Spells: 10/10 levels left

rFire    . . .     SeeInvis +   t - +1 scimitar
rCold    . . .     Gourm    .   b - +3 shield
rNeg     + . .     Faith    .   g - +0 hat {Int+3}
rPois    .         Spirit   .   (no amulet)
rElec    .         Reflect  .   r - +6 ring of strength
rCorr    .         Harm     .   q - ring of positive energy
MR       .....                  (no ring)
Stlth    ++++++....             (no ring)
HPRegen  0.22/turn              (no ring)
MPRegen  0.15/turn              (no ring)
                                (no ring)
                                (no ring)

@: about to teleport
A: almost no armour, stealthy swim, amphibious, 8 rings, constrict 8, camouflage
1, see invisible, screaming 1, gelatinous body 1
a: no special abilities


You were on level 1 of the Lair of Beasts.
You were not hungry.

You visited 3 branches of the dungeon, and saw 11 of its levels.
You also visited: Sewer.

You collected 453 gold pieces.
You spent 224 gold pieces at shops.

Inventory:

Hand Weapons
 t - a +1 scimitar (weapon)
Armour
 b - a +3 shield (worn)
 g - a +0 hat of intelligence (worn)
Jewellery
 o - an uncursed ring of fire
 q - a ring of positive energy (right tentacle)
 r - a +6 ring of strength (left tentacle)
 u - an uncursed ring of ice
Wands
 c - a wand of digging (3)
 e - a wand of flame (47)
 j - a wand of disintegration (11)
 k - a wand of iceblast (12)
Scrolls
 l - 4 scrolls of teleportation
 m - a scroll of magic mapping
 s - a scroll of fog
Potions
 a - a potion of brilliance
 f - a potion of heal wounds
 h - 2 potions of haste
 n - a potion of ambrosia {unknown}
Miscellaneous
 p - a box of beasts
Comestibles
 d - 15 rations
 i - 2 chunks of flesh


   Skills:
 + Level 6.4 Fighting
 + Level 10.0 Long Blades
 + Level 5.7 Dodging
 + Level 11.4 Stealth
 + Level 6.7 Shields
 * Level 6.8 Evocations


You had 10 spell levels left.
You didn't know any spells.
Your spell library contained the following spells:

 Spells                   Type           Power        Failure   Level  Hunger
 Shock                    Conj/Air       #...         63%         1    ##.....
 Swiftness                Chrm/Air       #.......     77%         2    ###....
 Static Discharge         Conj/Air       #.......     94%         3    ####...
 Airstrike                Air            #.........   100%        4    #####..
 Lightning Bolt           Conj/Air       #.........   100%        5    ######.


Dungeon Overview and Level Annotations

Branches:
Dungeon (9/15)             Temple (1/1) D:6            Lair (1/6) D:8
    Orc: D:9-12

Altars:
Ashenzari
Cheibriados
Dithmenos
Elyvilon
Fedhas
Gozag
Hepliaklqana
Kikubaaqudgha
Nemelex Xobeh
Okawaru
Qazlal
Sif Muna
Trog
Uskayaw
Vehumet
Wu Jian
Xom
Yredelemnul
Zin
The Shining One

Shops:
D:6 }   D:7 ?

Annotations:
Lair:1 exclusion: oklob plant


Innate Abilities, Weirdness & Mutations

You cannot wear most types of armour.
You are very stealthy in the water. (Stealth+)
You are amphibious.
You can wear up to eight rings at the same time.
You can use your tentacles to constrict eight enemies at once.
Your skin changes colour to match your surroundings (Stealth+).
Your rubbery body absorbs attacks. (AC +1, EV +1)
You have supernaturally acute eyesight. (SInv)
You occasionally shout uncontrollably at your foes.


Message History

a wolf skeleton; a bullfrog skeleton; a spiny frog skeleton a porcupine skeleton You block the yak's attack.
The yak bellows!
You closely miss the yak. Your squeeze misses the yak. The yak gores you!
The yak misses you.
You riposte.
You barely miss the yak.
Unknown command.
You closely miss the yak. Your squeeze misses the yak.
You block the yak's attack. x2; The yak gores you!
You hit the yak.
The yak is lightly wounded.
You block the yak's attack. The yak closely misses you. The yak gores you!
* * * LOW HITPOINT WARNING * * *
Unknown command.
As you read the scroll of teleportation, it crumbles to dust.
You feel strangely unstable. The yak barely misses you.
You block the yak's attack. The yak barely misses you.
The yak completely misses you. The yak gores you!
You die...

#.....#######.....
#.....##....##...#
#.....##.........# ....
#.....#......#...# .....
#......+....#..#.# .....
#.....##..##.⌠..# ...
#.....##........###.# #
......##...⌠.>YY#...###.#
......#####....Y@........
......... ##..Y##F.......
..........###+##.........
...... ..........##......
#.........###....
....##..#.....#... #
.#..#..†#..#..##.. .
#.........#...# # .
...⌠...⌠...#..#


You could see 4 yaks and a bullfrog.

Vanquished Creatures
  Gastronok (Lair:1)
  A two-headed ogre (D:8)
  Maurice (D:8)
  2 spiny frogs (Lair:1)
  A centaur skeleton (D:7)
  3 komodo dragons
  4 hippogriffs (Lair:1)
  Sigmund (D:6)
  A wraith (D:8)
  A hungry ghost (D:8)
  Grum (D:8)
  A water moccasin (Lair:1)
  A porcupine (Lair:1)
  Purgy (Sewer)
  3 sky beasts
  A black bear (D:6)
  2 orc warriors
  2 ogres
  A necrophage (D:7)
  A phantom (D:5)
  2 centaurs (D:6)
  9 wolves
  A big kobold (D:8)
  2 crocodiles (Lair:1)
  5 bullfrogs
  3 wights (D:8)
  A crimson imp (D:8)
  A bullfrog zombie (D:6)
  2 hounds
  4 orc wizards
  An iguana (D:6)
  5 worker ants
  A howler monkey skeleton (D:7)
  A gnoll (D:3)
  9 adders
  2 oozes
  An adder zombie (D:8)
  A worm (D:4)
  A dart slug (D:1)
  5 leopard geckos
  19 orcs
  7 bats
  5 giant cockroaches
  5 goblins
  9 hobgoblins
  4 jackals
  3 kobolds
  2 quokkas
  2 ball pythons
  4 frilled lizards
  A jackal zombie (D:7)
  3 rats
  A plant (D:8)
152 creatures vanquished.

Vanquished Creatures (others)
  A necrophage (D:8)
  A bullfrog (D:8)
  2 jackals (D:6)
  A plant (D:8)
5 creatures vanquished.

Grand Total: 157 creatures vanquished

Notes
Turn   | Place    | Note
-------+----------+-------------------------------------------
     0 | D:1      | Frank the Octopode Fighter began the quest for the Orb.
     0 | D:1      | Reached XP level 1. HP: 16/16 MP: 1/1
    92 | D:1      | Reached XP level 2. HP: 19/21 MP: 2/2
   375 | D:2      | Found an ornate altar of the Wu Jian Council.
   377 | D:2      | Found a shattered altar of Ashenzari.
   377 | D:2      | Found a glowing silver altar of Zin.
   379 | D:2      | Found a shadowy altar of Dithmenos.
   379 | D:2      | Found a radiant altar of Vehumet.
   379 | D:2      | Found a shimmering altar of Xom.
   491 | D:2      | Reached XP level 3. HP: 19/26 MP: 3/3
   661 | D:2      | Reached skill level 1 in Stealth
  1543 | D:3      | Noticed an ogre
  1554 | D:3      | Killed an ogre
  1554 | D:3      | Reached skill level 3 in Stealth
  1554 | D:3      | Reached XP level 4. HP: 27/31 MP: 4/4
  1554 | D:3      | Reached XP level 5. HP: 32/36 MP: 5/5
  1836 | D:3      | Found a glowing drain.
  1850 | Sewer    | Entered a sewer
  1926 | Sewer    | Noticed Purgy
  2036 | Sewer    | Killed Purgy
  2036 | Sewer    | Reached skill level 4 in Stealth
  2036 | Sewer    | Reached XP level 6. HP: 32/43 MP: 6/6
  2129 | D:3      | Found an iron altar of Okawaru.
  2946 | D:5      | Entered Level 5 of the Dungeon
  2946 | D:5      | Noticed a sky beast
  2959 | D:5      | Killed a sky beast
  2959 | D:5      | Reached XP level 7. HP: 28/48 MP: 7/7
  3116 | D:5      | Reached skill level 5 in Stealth
  3164 | D:5      | Reached skill level 5 in Long Blades
  3426 | D:5      | Found a shadowy altar of Dithmenos.
  3623 | D:6      | Noticed Sigmund
  3634 | D:6      | Killed Sigmund
  3634 | D:6      | Reached skill level 6 in Stealth
  3634 | D:6      | Reached XP level 8. HP: 54/54 MP: 8/8
  3892 | D:6      | Found a staircase to the Ecumenical Temple.
  4008 | D:6      | Found Keryanez's Gadget Shoppe.
  4019 | D:6      | Reached skill level 7 in Stealth
  4279 | D:6      | Noticed an angel
  4280 | D:6      | Found a glowing silver altar of Zin.
  4541 | D:6      | Reached skill level 1 in Evocations
  4546 | D:6      | Found a snail-covered altar of Cheibriados.
  4613 | Temple   | Entered the Ecumenical Temple
  4959 | D:7      | Found Muipits's Magic Scroll Emporium.
  5351 | D:7      | Reached skill level 8 in Stealth
  5351 | D:7      | Reached XP level 9. HP: 52/60 MP: 10/10
  5604 | D:7      | Reached skill level 5 in Shields
  5633 | D:7      | Found a shattered altar of Ashenzari.
  5653 | D:7      | Reached skill level 5 in Fighting
  5955 | D:8      | Noticed Maurice
  5971 | D:8      | Paralysed by something for 6 turns
  6002 | D:8      | Paralysed by something for 7 turns
  6017 | D:8      | Killed Maurice
  6017 | D:8      | Reached skill level 9 in Stealth
  6125 | D:8      | Found a staircase to the Lair.
  6126 | D:8      | Noticed a komodo dragon
  6168 | D:8      | Found a blossoming altar of Fedhas.
  6209 | D:8      | Noticed a two-headed ogre
  6218 | D:8      | Killed a two-headed ogre
  6218 | D:8      | Reached skill level 10 in Stealth
  6218 | D:8      | Reached XP level 10. HP: 66/66 MP: 11/13
  6235 | D:8      | Noticed Grum
  6243 | D:8      | Killed Grum
  6249 | D:8      | HP: 3/66 [wolf[Grum] (7)]
  6273 | D:8      | Gained mutation: You are partially covered in iridescent
                  | scales. (AC +2) [potion of mutation]
  6273 | D:8      | Gained mutation: You are surrounded by a mild repulsion
                  | field. (EV +2) [potion of mutation]
  6730 | D:8      | Reached skill level 5 in Evocations
  6924 | D:8      | Found a deep blue altar of Sif Muna.
  6924 | D:8      | Found a hazy altar of Hepliaklqana.
  7216 | Lair:1   | Entered Level 1 of the Lair of Beasts
  7216 | Lair:1   | Noticed a spiny frog
  7223 | Lair:1   | Killed a spiny frog
  7223 | Lair:1   | Reached skill level 5 in Dodging
  7335 | D:7      | Bought a scroll of enchant weapon for 112 gold pieces
  7335 | D:7      | Bought a scroll of enchant armour for 112 gold pieces
  7518 | Lair:1   | Reached skill level 11 in Stealth
  7956 | Lair:1   | Noticed an oklob plant
  8115 | Lair:1   | Noticed a spiny frog
  8128 | Lair:1   | Killed a spiny frog
  8135 | Lair:1   | Reached XP level 11. HP: 33/72 MP: 15/15
  8362 | Lair:1   | Lost mutation: You are partially covered in iridescent
                  | scales. (AC +2) [potion of mutation]
  8362 | Lair:1   | Lost mutation: You are surrounded by a mild repulsion
                  | field. (EV +2) [potion of mutation]
  8362 | Lair:1   | Gained mutation: You occasionally shout uncontrollably at
                  | your foes. [potion of mutation]
  8362 | Lair:1   | Gained mutation: You have supernaturally acute eyesight.
                  | (SInv) [potion of mutation]
  8420 | Lair:1   | Noticed Gastronok
  8434 | Lair:1   | Killed Gastronok
  8442 | Lair:1   | Reached skill level 10 in Long Blades
  8537 | Lair:1   | Slain by a yak

Skill      XL: |  1  2  3  4  5  6  7  8  9 10 11 |
---------------+----------------------------------+-----
Stealth        | 3 4 6 8 10 11 | 11.4
Long Blades    | 3 4 5 6 8 9 10 | 10.0
Fighting       | 4 5 6 |  6.4
Shields        | 4 5 6 |  6.7
Dodging        | 4 5 |  5.7
Evocations     | 2 4 6 |  6.8

Action                   |  1- 3 |  4- 6 |  7- 9 | 10-12 || total
-------------------------+-------+-------+-------+-------++-------
Melee: Long sword        |    56 |    69 |   128 |    42 ||   295
       Tentacles         |     6 |    11 |    44 |    44 ||   105
       Constrict         |    13 |    13 |    27 |    23 ||    76
       Scimitar          |       |       |       |    91 ||    91
Evoke: Wand              |     3 |       |     3 |    13 ||    19
       Box of beasts     |       |       |       |     1 ||     1
  Use: Scroll            |     5 |     6 |     6 |     8 ||    25
       Potion            |       |     4 |     8 |    11 ||    23
 Stab: Sleeping          |     9 |     8 |    22 |     5 ||    44
       Paralysed         |     4 |       |     4 |     3 ||    11
       Distracted        |       |     1 |       |     1 ||     2
       Invisible         |       |       |     4 |       ||     4
       Fleeing           |       |       |       |     1 ||     1
  Eat: Chunk             |     1 |     5 |     9 |     8 ||    23
       Ration            |       |       |       |     1 ||     1
Armor: Skin              |     4 |     5 |     2 |     4 ||    15
Dodge: Dodged            |    20 |    27 |    43 |    64 ||   154
Block: Shield            |    23 |    44 |    52 |    88 ||   207
       Rpst.: Long sword |     3 |     5 |    10 |     8 ||    26
       Scimitar          |       |       |       |    14 ||    14
